 Dungeon Crawl Stone Soup version 0.29.0-4-gdea44cf6ec (webtiles) character file.

Game seed: 9742906562341618850

38713 qw the Peltast (level 13, -4/100 (118) HPs)
             Began as a Minotaur Berserker on Sept 9, 2022.
             Was an Elder of Trog.
             Killed from afar by Josephine (14 damage)
             ... with a ghostly fireball
             ... on level 3 of the Lair of Beasts.
             The game lasted 00:06:25 (19193 turns).

qw the Peltast (Minotaur Berserker)                Turns: 19193, Time: 00:06:25

HP:   -4/100 (118)  AC: 23    Str: 28    XL:     13   Next: 65%
MP:   12/12         EV:  7    Int:  4    God:    Trog [****..]
Gold: 920           SH: 24    Dex: 11    Spells: 12/12 levels left

rFire   + . .      SeeInvis +   j - +1 war axe
rCold   + . .      Faith    .   m - +0 tower shield
rNeg    . . .      Spirit   .   h - +2 plate armour
rPois   .          Reflect  +   (helmet restricted)
rElec   .          Harm     .   g - scarf {rC+ rF+}
rCorr   .          Rampage  .   r - +0 pair of gloves
Will    .....                   b - +0 pair of boots of the Cuttlefish {Str+2}
Stlth   ..........              u - amulet of reflection
HPRegen 0.26/turn               t - ring of see invisible
MPRegen 0.13/turn               o - +4 ring of protection

@: about to teleport, on berserk cooldown, slowed, heavily drained, very slow
A: horns 2, retaliatory headbutt
a: Renounce Religion, Berserk, Trog's Hand, Brothers in Arms


You were on level 3 of the Lair of Beasts.
You worshipped Trog.
Trog was greatly pleased with you.
You visited 2 branches of the dungeon, and saw 16 of its levels.

You collected 920 gold pieces.


Innate Abilities, Weirdness & Mutations

You have a pair of horns on your head.
You reflexively headbutt those who attack you in melee.


   Skills:
 - Level 12.1 Fighting
 - Level 16.0 Axes
 - Level 5.0 Throwing
 + Level 10.1 Armour
 - Level 4.0 Dodging
 - Level 16.7 Shields


You had 12 spell levels left.
You didn't know any spells.
Your spell library was empty.

Inventory:

Hand Weapons
 i - a +0 morningstar
 j - a +1 war axe (weapon)
Missiles
 c - 8 boomerangs (quivered)
Armour
 b - the +0 pair of boots of the Cuttlefish (worn) {Str+2}
   (You acquired it on level 1 of the Dungeon)

   Str:       It affects your strength (+2).
 g - a scarf of resistance (worn)
 h - a +2 plate armour (worn)
 m - a +0 tower shield (worn)
 q - a scarf of repulsion
 r - a +0 pair of gloves (worn)
Jewellery
 o - a +4 ring of protection (right hand)
 p - a ring of positive energy
 t - a ring of see invisible (left hand)
 u - an amulet of reflection (around neck)
 Y - a ring of resist corrosion
Scrolls
 a - 9 scrolls of identify
 f - 3 scrolls of teleportation
Potions
 d - a potion of heal wounds
 e - 8 potions of haste
 k - a potion of might
 l - a potion of mutation
 n - 3 potions of cancellation
 s - 2 potions of curing

Dungeon Overview and Level Annotations

Branches:
Dungeon (11/15)            Temple (0/1) D:6            Lair (5/5) D:11
 Shoals (0/4) Lair:2        Snake (0/4) Lair:2          Orc (0/2) D:10
  Slime: Lair:4-5

Altars:
Cheibriados
Gozag
Okawaru

Shops:
D:3 =

Annotations:
D:4 3 runed translucent doors, qw's ghost, amateur GrBe
D:5 1 runed translucent door, qw's ghost, amateur MiFi
D:6 1 runed translucent door, Crazy Yiuf
D:9 2 runed translucent doors, qw's ghost, journeyman GrBe
Lair:3 Josephine


Message History

Trog accepts your kill.
You slash Josephine! You slash the wraith! You slash the water moccasin!
You kill the water moccasin!
Trog accepts your kill. You block the wraith's attack.
You block Josephine's attack. Josephine hits you with a +0 dagger.
The wraith barely misses you. x2
You furiously retaliate!
You headbutt the wraith, but do no damage.
You block the wraith's attack.
You slash Josephine! You headbutt Josephine.
Josephine is severely wounded.
You hit the wraith but do no damage. You closely miss the wraith.
You hit the wraith but do no damage.
You block the wraith's attack. x2; Josephine barely misses you.
You furiously retaliate!
You headbutt Josephine! You slash Josephine! Your headbutt misses Josephine.
Josephine is almost dead.
You barely miss the wraith. You hit the wraith.
You hit the wraith but do no damage. The wraith hits you.
The wraith hits you but does no damage.
Josephine gestures at you while chanting.
The ghostly flame explodes!
The ghostly fireball engulfs you!!
You feel drained.
The ghostly fireball engulfs the wraith.
The wraith completely resists.
The ghostly fireball engulfs the wraith.
The wraith completely resists.
The ghostly fireball engulfs the wraith.
The wraith completely resists.
The ghostly fireball engulfs Josephine.
Josephine completely resists.
The ghostly fireball engulfs the wraith.
The wraith completely resists.
You block the wraith's attack.
19193 ||| READING 4 scrolls of teleportation.
As you read the scroll of teleportation, it crumbles to dust.
You feel strangely unstable. The wraith hits you but does no damage.
You block the wraith's attack. The wraith hits you.
The wraith drains your vigour!
You feel as though you will be slow longer.
Josephine casts a spell at you.
The ghostly flame explodes!
The ghostly fireball engulfs you!
You feel drained.
You die...

##..###
#.%....# #...#
###....##
#...##
#.....###
##...#
###.....###
#.###
#.....#.#
#..###..##
##P..P.###
......[...###
###.....#
............#
#.....#
.........W@W#
#....|.
#P#.#..##W@W.#
###.... #
##### #.....#
#.... ##.....#
#....
##.....##
##.#. .#....#
#..# ##....#
#### #...#
####...#


You could see Josephine and 4 wraiths.

Vanquished Creatures
  Gastronok (Lair:3)
  Kirke (Lair:3)
  A boulder beetle (D:11)
  An oklob plant (Lair:1)
  A manticore (D:11)
  9 elephants
  A cyclops (D:11)
  4 black mambas
  2 merfolk sirens (Lair:2)
  A gargoyle (D:10)
  5 cane toads
  2 unseen horrors (D:10)
  4 komodo dragons
  Maggie (D:7)
  2 merfolk (Lair:2)
  3 polar bears
  16 blink frogs
  2 vampires
  3 shadows
  3 wraiths
  6 wyverns
  3 hogs (Lair:3)
  37 yaks
  2 steam dragons
  2 basilisks
  A two-headed ogre zombie (D:10)
  2 wargs (D:11)
  3 nagas (Lair:2)
  10 water moccasins
  Duvessa (D:7)
  3 black bears
  10 orc warriors
  3 ice beasts
  4 sky beasts
  29 wolves
  An ogre (D:6)
  4 centaurs
  3 phantoms
  2 kobold brigands
  13 bullfrogs
  2 gnoll sergeants
  5 scorpions
  Dowan (D:7)
  6 wights
  2 troll zombies (D:10)
  24 killer bees
  5 hounds
  8 orc priests
  An iron imp (D:6)
  8 iguanas
  Terence (D:2)
  Ijyb (D:3)
  16 orc wizards
  5 ogre zombies (D:10)
  12 gnolls
  8 adders
  A shadow imp (D:6)
  A dart slug (D:4)
  38 orcs
  5 endoplasms
  4 giant cockroaches
  3 goblins
  5 hobgoblins
  16 kobolds
  4 quokkas
  9 ball pythons
  5 bats
  5 frilled lizards
  A goblin skeleton (D:10)
  4 goblin zombies (D:10)
  2 hobgoblin skeletons (D:10)
  A hobgoblin zombie (D:10)
  3 orc skeletons (D:10)
  14 orc zombies (D:10)
  6 rats
  A butterfly (Lair:2)
435 creatures vanquished.

Vanquished Creatures (collateral kills)
  4 hydras
  2 elephants (Lair:4)
  A black bear (Lair:3)
  A centaur (D:11)
8 creatures vanquished.

Vanquished Creatures (others)
  8 bushes (Lair:1)
  13 fungi
  20 plants
41 creatures vanquished.

Grand Total: 484 creatures vanquished

Notes
Turn   | Place    | Note
-------+----------+-------------------------------------------
     0 | D:1      | qw the Minotaur Berserker began the quest for the Orb.
     0 | D:1      | Reached XP level 1. HP: 19/19 MP: 0/0
     0 | D:1      | 0 ||| qw: Version: 0.1-a-113-g051387a
     0 | D:1      | 0 ||| qw: Game counter: 6938
     0 | D:1      | 0 ||| qw: Always use a shield: true
     0 | D:1      | 0 ||| qw: Do Orc after D:15 true
     0 | D:1      | 0 ||| qw: Do second Lair branch before Depths: true
     0 | D:1      | 0 ||| qw: Lair rune preference: random
     0 | D:1      | 0 ||| qw: Plans: Normal
     0 | D:1      | 0 ||| PLANNING D:1-11
    85 | D:1      | 85 ||| INVOKING Berserk.
   310 | D:1      | Reached XP level 2. HP: 23/26 MP: 1/1
   478 | D:1      | 478 ||| Stepping ~*~*~tactically~*~*~ (stealth).
   482 | D:1      | 482 ||| Stepping ~*~*~tactically~*~*~ (stealth).
   484 | D:1      | 484 ||| Stepping ~*~*~tactically~*~*~ (stealth).
   558 | D:1      | 558 ||| Stepping ~*~*~tactically~*~*~ (stealth).
   560 | D:1      | 560 ||| Stepping ~*~*~tactically~*~*~ (stealth).
   880 | D:1      | 880 ||| Stepping ~*~*~tactically~*~*~ (stealth).
   881 | D:1      | 881 ||| Stepping ~*~*~tactically~*~*~ (stealth).
   948 | D:1      | Reached ** piety under Trog
   966 | D:1      | Reached XP level 3. HP: 30/31 MP: 2/2
  1124 | D:1      | 1124 ||| UPGRADING to +0 leather armour.
  1134 | D:1      | 1134 ||| DROPPING +0 animal skin.
  1135 | D:1      | 1135 ||| UPGRADING to +0 ring mail.
  1145 | D:1      | 1145 ||| DROPPING +0 leather armour.
  1146 | D:1      | 1146 ||| READING 2 scrolls labelled XOIS ILUAQAWIRGH.
  1147 | D:1      | 1147 ||| READING 2 scrolls labelled MEITASTI AZOCE.
  1152 | D:1      | 1152 ||| READING scroll labelled XAQERPH ZOPHO.
  1152 | D:1      | Identified a scroll of acquirement
  1152 | D:1      | 1152 ||| ACQUIRING +0 pair of boots of the Cuttlefish
                  | {Str+2}
  1152 | D:1      | Acquired the +0 pair of boots of the Cuttlefish {Str+2}
  1154 | D:1      | 1154 ||| UPGRADING to +0 pair of boots of the Cuttlefish
                  | {Str+2}.
  1179 | D:2      | 1179 ||| STAIRDANCE
  1367 | D:2      | Noticed Terence
  1370 | D:2      | 1370 ||| INVOKING Berserk.
  1374 | D:2      | Killed Terence
  1428 | D:2      | 1428 ||| Stepping ~*~*~tactically~*~*~ (stealth).
  1429 | D:2      | 1429 ||| Stepping ~*~*~tactically~*~*~ (stealth).
  1669 | D:2      | Reached skill level 6 in Axes
  1669 | D:2      | Reached XP level 4. HP: 39/39 MP: 3/3
  1773 | D:2      | 1773 ||| UPGRADING to +1 scale mail of fire resistance.
  1783 | D:2      | 1783 ||| DROPPING +0 ring mail.
  1784 | D:2      | 1784 ||| UPGRADING to +0 tower shield.
  1789 | D:2      | 1789 ||| READING scroll labelled JITOBA GINN.
  1790 | D:2      | 1790 ||| READING scroll labelled COIWKE VIJAU.
  1791 | D:2      | 1791 ||| READING scroll labelled BUREOTE BITO.
  1892 | D:2      | 1892 ||| DRINKING 2 fuming inky potions.
  1893 | D:2      | 1893 ||| READING 3 scrolls of identify.
  1893 | D:2      | 1893 ||| IDENTIFYING orange potion
  1894 | D:2      | 1894 ||| DROPPING potion of degeneration.
  1975 | D:3      | 1975 ||| Stepping ~*~*~tactically~*~*~ (stealth).
  1977 | D:3      | 1977 ||| INVOKING Berserk.
  2145 | D:3      | Found Vimemufo's Jewellery Emporium.
  2153 | D:3      | 2153 ||| SHOPLISTING +4 ring of protection (432 gold, have
                  | 94).
  2153 | D:3      | 2153 ||| SHOPLISTING +6 ring of dexterity (432 gold, have
                  | 94).
  2153 | D:3      | 2153 ||| SHOPLISTING amulet of reflection (360 gold, have
                  | 94).
  2153 | D:3      | 2153 ||| SHOPLISTING ring of ice (300 gold, have 94).
  2153 | D:3      | 2153 ||| SHOPLISTING ring of see invisible (180 gold, have
                  | 94).
  2445 | D:3      | Noticed Ijyb
  2446 | D:3      | 2446 ||| Stepping ~*~*~tactically~*~*~ (hiding).
  2449 | D:3      | 2449 ||| INVOKING Berserk.
  2453 | D:3      | Killed Ijyb
  2454 | D:3      | Reached skill level 3 in Shields
  2715 | D:3      | 2715 ||| DROPPING ring of magical power.
  2748 | D:4      | 2748 ||| INVOKING Berserk.
  2750 | D:4      | Reached XP level 5. HP: 45/45 MP: 4/4
  2891 | D:4      | 2891 ||| INVOKING Berserk.
  2899 | D:4      | 2899 ||| DRINKING potion of curing.
  2899 | D:4      | 2899 ||| (to cure confusion)
  3007 | D:4      | Found an iron altar of Okawaru.
  3042 | D:4      | Reached XP level 6. HP: 51/51 MP: 5/5
  3097 | D:4      | 3097 ||| Stepping ~*~*~tactically~*~*~ (stealth).
  3098 | D:4      | 3098 ||| Stepping ~*~*~tactically~*~*~ (stealth).
  3140 | D:4      | 3140 ||| SWAPPING to +0 war axe.
  3141 | D:4      | 3141 ||| DROPPING +0 hand axe.
  3590 | D:4      | Found a runed translucent gate.
  3590 | D:4      | Noticed qw's ghost (amateur GrBe)
  3591 | D:4      | Found a runed translucent gate.
  3592 | D:4      | Found a runed translucent gate.
  3616 | D:4      | 3616 ||| READING scroll labelled NASERO YKHIAW.
  3617 | D:4      | 3617 ||| READING scroll labelled KUIDETYSHRA.
  3618 | D:4      | 3618 ||| READING scroll labelled YHUULAI WOZXI.
  3619 | D:4      | 3619 ||| READING 4 scrolls of identify.
  3619 | D:4      | 3619 ||| IDENTIFYING fizzy golden potion
  3620 | D:4      | 3620 ||| READING 3 scrolls of identify.
  3620 | D:4      | 3620 ||| IDENTIFYING fuming golden potion
  3621 | D:4      | 3621 ||| DROPPING potion of ambrosia.
  3646 | D:5      | Entered Level 5 of the Dungeon
  3646 | D:5      | Noticed a water moccasin
  3647 | D:5      | 3647 ||| STAIRDANCE
  3702 | D:5      | 3702 ||| INVOKING Berserk.
  3702 | D:5      | HP: 18/76 [poisoned by a water moccasin]
  3705 | D:5      | Killed a water moccasin
  3706 | D:5      | Reached skill level 6 in Shields
  3707 | D:5      | HP: 9/76 [poisoned by a water moccasin]
  3708 | D:5      | 3708 ||| STAIRDANCE
  3711 | D:4      | HP: 4/51 [poisoned by a water moccasin]
  4053 | D:5      | Reached XP level 7. HP: 56/57 MP: 6/6
  4058 | D:5      | Reached *** piety under Trog
  4202 | D:5      | Noticed a wyvern
  4207 | D:5      | Killed a wyvern
  4221 | D:5      | Found a runed translucent door.
  4222 | D:5      | Noticed qw's ghost (amateur MiFi)
  4233 | D:5      | 4233 ||| READING scroll of acquirement.
  4233 | D:5      | 4233 ||| ACQUIRING ring of positive energy
  4233 | D:5      | Acquired a ring of positive energy
  4235 | D:5      | 4235 ||| UPGRADING to ring of positive energy.
  4253 | D:5      | 4253 ||| Stepping ~*~*~tactically~*~*~ (stealth).
  4511 | D:5      | Reached skill level 9 in Shields
  4511 | D:5      | Reached XP level 8. HP: 58/64 MP: 7/7
  4819 | D:5      | 4819 ||| UPGRADING to +0 chain mail.
  4829 | D:5      | 4829 ||| UPGRADING to +4 ring of protection.
  4830 | D:5      | 4830 ||| READING scroll labelled COPPEC GASTRO.
  4831 | D:5      | 4831 ||| READING 2 scrolls labelled ACUASOFOUL.
  4832 | D:5      | 4832 ||| DROPPING scroll of vulnerability.
  4919 | D:6      | 4919 ||| Stepping ~*~*~tactically~*~*~ (stealth).
  4929 | D:6      | Reached skill level 9 in Axes
  4990 | D:6      | Found an opulent altar of Gozag.
  5155 | D:6      | Found a staircase to the Ecumenical Temple.
  5238 | D:6      | Found a snail-covered altar of Cheibriados.
  5336 | D:6      | Found a runed translucent door.
  5337 | D:6      | Noticed Crazy Yiuf
  5500 | D:6      | Reached skill level 3 in Armour
  5509 | D:6      | 5509 ||| Stepping ~*~*~tactically~*~*~ (stealth).
  5511 | D:6      | 5511 ||| Stepping ~*~*~tactically~*~*~ (hiding).
  5515 | D:6      | 5515 ||| INVOKING Berserk.
  5526 | D:6      | 5526 ||| DRINKING 2 potions of curing.
  5526 | D:6      | 5526 ||| (to cure confusion)
  5536 | D:6      | Reached XP level 9. HP: 33/74 MP: 8/8
  5536 | D:6      | 5536 ||| DRINKING potion of curing.
  5536 | D:6      | 5536 ||| (to cure confusion)
  5537 | D:6      | HP: 18/74 [ice beast (11)]
  5538 | D:6      | 5538 ||| READING 3 scrolls of teleportation.
  5539 | D:6      | Reached **** piety under Trog
  5897 | D:6      | 5897 ||| Stepping ~*~*~tactically~*~*~ (stealth).
  5997 | D:6      | 5997 ||| Stepping ~*~*~tactically~*~*~ (stealth).
  6085 | D:6      | 6085 ||| Stepping ~*~*~tactically~*~*~ (stealth).
  6087 | D:6      | 6087 ||| INVOKING Berserk.
  6127 | D:6      | 6127 ||| Stepping ~*~*~tactically~*~*~ (stealth).
  6132 | D:6      | 6132 ||| Stepping ~*~*~tactically~*~*~ (stealth).
  6330 | D:6      | 6330 ||| UPGRADING to +0 plate armour.
  6340 | D:6      | 6340 ||| DROPPING +1 scale mail of fire resistance.
  6341 | D:6      | 6341 ||| DROPPING +0 chain mail.
  6342 | D:6      | 6342 ||| READING scroll of enchant armour.
  6342 | D:6      | 6342 ||| ENCHANTING +0 plate armour.
  6343 | D:6      | 6343 ||| READING scroll labelled ZEULIVINIF.
  6344 | D:6      | 6344 ||| READING 5 scrolls of identify.
  6344 | D:6      | 6344 ||| IDENTIFYING silvery potion
  6345 | D:6      | 6345 ||| READING 4 scrolls of identify.
  6345 | D:6      | 6345 ||| IDENTIFYING red potion
  6346 | D:6      | 6346 ||| READING 3 scrolls of identify.
  6346 | D:6      | 6346 ||| IDENTIFYING cyan potion
  6347 | D:6      | 6347 ||| READING 2 scrolls of identify.
  6347 | D:6      | 6347 ||| IDENTIFYING fuming pink potion
  6348 | D:6      | 6348 ||| DROPPING potion of berserk rage.
  6349 | D:6      | 6349 ||| DROPPING potion of brilliance.
  6350 | D:6      | 6350 ||| DROPPING potion of flight.
  6389 | D:7      | Noticed Duvessa
  6389 | D:7      | Noticed Dowan
  6390 | D:7      | 6390 ||| INVOKING Berserk.
  6393 | D:7      | Killed Dowan
  6400 | D:7      | Killed Duvessa
  6407 | D:7      | 6407 ||| STAIRDANCE
  6672 | D:7      | Noticed Maggie
  6678 | D:7      | Reached skill level 6 in Fighting
  6687 | D:7      | HP: 14/75 [centaur/arrow (8)]
  6688 | D:7      | 6688 ||| READING 3 scrolls of teleportation.
  6690 | D:7      | HP: 5/75 [Maggie/+0 halberd (2)]
  6690 | D:7      | HP: 2/75 [orc/+0 short sword (3)]
  6692 | D:7      | 6692 ||| READING 2 scrolls of teleportation.
  6694 | D:7      | 6694 ||| INVOKING Berserk.
  6730 | D:7      | HP: 11/75 [something (3)]
  6730 | D:7      | HP: 5/75 [something (6)]
  6898 | D:7      | 6898 ||| INVOKING Berserk.
  7145 | D:7      | 7145 ||| Stepping ~*~*~tactically~*~*~ (stealth).
  7147 | D:7      | 7147 ||| Stepping ~*~*~tactically~*~*~ (hiding).
  7155 | D:7      | 7155 ||| DRINKING potion of curing.
  7155 | D:7      | 7155 ||| (to cure confusion)
  7159 | D:7      | 7159 ||| Stepping ~*~*~tactically~*~*~ (stealth).
  7164 | D:7      | 7164 ||| Stepping ~*~*~tactically~*~*~ (stealth).
  7167 | D:7      | 7167 ||| Stepping ~*~*~tactically~*~*~ (hiding).
  7171 | D:7      | 7171 ||| INVOKING Berserk.
  7176 | D:7      | Reached skill level 1 in Throwing
  7179 | D:7      | 7179 ||| Stepping ~*~*~tactically~*~*~ (cloud).
  7200 | D:7      | 7200 ||| Stepping ~*~*~tactically~*~*~ (stealth).
  7214 | D:7      | 7214 ||| Stepping ~*~*~tactically~*~*~ (stealth).
  7215 | D:7      | 7215 ||| Stepping ~*~*~tactically~*~*~ (stealth).
  7264 | D:7      | Killed Maggie
  7559 | D:7      | 7559 ||| Stepping ~*~*~tactically~*~*~ (stealth).
  7562 | D:7      | 7562 ||| Stepping ~*~*~tactically~*~*~ (hiding).
  8003 | D:7      | 8003 ||| UPGRADING to scarf of resistance.
  8012 | D:8      | 8012 ||| STAIRDANCE
  8017 | D:7      | Reached XP level 10. HP: 83/83 MP: 9/9
  8019 | D:8      | 8019 ||| STAIRDANCE
  8075 | D:8      | 8075 ||| READING scroll of enchant armour.
  8075 | D:8      | 8075 ||| ENCHANTING +1 plate armour.
  8136 | D:8      | 8136 ||| Stepping ~*~*~tactically~*~*~ (hiding).
  8153 | D:8      | 8153 ||| DRINKING potion of curing.
  8153 | D:8      | 8153 ||| (to cure confusion)
  8172 | D:8      | 8172 ||| Stepping ~*~*~tactically~*~*~ (hiding).
  8289 | D:8      | 8289 ||| INVOKING Berserk.
  8439 | D:8      | 8439 ||| INVOKING Berserk.
  8566 | D:8      | 8566 ||| INVOKING Berserk.
  8570 | D:8      | Reached skill level 12 in Shields
  8892 | D:8      | 8892 ||| UPGRADING to ring of resist corrosion.
  8894 | D:8      | 8894 ||| READING scroll labelled DIXYEGI NAUVI.
  8895 | D:8      | 8895 ||| READING 6 scrolls of identify.
  8895 | D:8      | 8895 ||| IDENTIFYING fuming green potion
  8987 | D:9      | Found a large runed translucent door.
  8987 | D:9      | Found a large runed translucent door.
  8992 | D:9      | Noticed qw's ghost (journeyman GrBe)
  9058 | D:9      | 9058 ||| Stepping ~*~*~tactically~*~*~ (stealth).
  9073 | D:9      | 9073 ||| DRINKING potion of curing.
  9073 | D:9      | 9073 ||| (to cure confusion)
  9087 | D:9      | 9087 ||| INVOKING Berserk.
  9345 | D:9      | Reached skill level 12 in Axes
  9562 | D:9      | 9562 ||| Stepping ~*~*~tactically~*~*~ (hiding).
  9565 | D:9      | 9565 ||| INVOKING Berserk.
  9743 | D:9      | 9743 ||| Stepping ~*~*~tactically~*~*~ (stealth).
  9745 | D:9      | 9745 ||| Stepping ~*~*~tactically~*~*~ (stealth).
  9747 | D:9      | 9747 ||| Stepping ~*~*~tactically~*~*~ (stealth).
  9749 | D:9      | 9749 ||| Stepping ~*~*~tactically~*~*~ (stealth).
  9751 | D:9      | 9751 ||| Stepping ~*~*~tactically~*~*~ (stealth).
  9753 | D:9      | 9753 ||| Stepping ~*~*~tactically~*~*~ (stealth).
  9755 | D:9      | 9755 ||| Stepping ~*~*~tactically~*~*~ (stealth).
  9757 | D:9      | 9757 ||| Stepping ~*~*~tactically~*~*~ (stealth).
  9759 | D:9      | 9759 ||| Stepping ~*~*~tactically~*~*~ (stealth).
  9772 | D:9      | 9772 ||| INVOKING Berserk.
  9935 | D:9      | 9935 ||| INVOKING Berserk.
 10170 | D:9      | Reached skill level 6 in Armour
 10504 | D:9      | 10504 ||| READING scroll labelled PYCYMU TULAUFF.
 10505 | D:9      | 10505 ||| READING 7 scrolls of identify.
 10505 | D:9      | 10505 ||| IDENTIFYING purple potion
 10506 | D:9      | 10506 ||| READING 6 scrolls of identify.
 10506 | D:9      | 10506 ||| IDENTIFYING fizzy pink potion
 10507 | D:9      | 10507 ||| DROPPING potion of attraction.
 10508 | D:9      | 10508 ||| DROPPING potion of lignification.
 10550 | D:10     | Entered Level 10 of the Dungeon
 10554 | D:10     | Noticed a gargoyle
 10555 | D:10     | 10555 ||| Stepping ~*~*~tactically~*~*~ (hiding).
 10564 | D:10     | Killed a gargoyle
 10620 | D:10     | 10620 ||| Stepping ~*~*~tactically~*~*~ (stealth).
 10651 | D:10     | 10651 ||| INVOKING Berserk.
 10862 | D:10     | Found a staircase to the Orcish Mines.
 10864 | D:10     | 10864 ||| Stepping ~*~*~tactically~*~*~ (stealth).
 10984 | D:10     | Reached ***** piety under Trog
 11067 | D:10     | Reached XP level 11. HP: 90/92 MP: 10/10
 11207 | D:10     | Identified the +0 robe "Ylofilir" {Harm *Corrode rPois
                  | Dex+6}
 11339 | D:10     | 11339 ||| Stepping randomly (disturbance).
 11554 | D:10     | 11554 ||| INVOKING Berserk.
 12164 | D:11     | Noticed a seven-headed hydra
 12165 | D:11     | 12165 ||| INVOKING Brothers in Arms.
 12166 | D:11     | 12166 ||| INVOKING Brothers in Arms.
 12167 | D:11     | 12167 ||| INVOKING Brothers in Arms.
 12169 | D:11     | 12169 ||| SWAPPING to +1 flail of protection.
 12170 | D:11     | 12170 ||| INVOKING Berserk.
 12172 | D:11     | Killed a seven-headed hydra
 12204 | D:11     | 12204 ||| SWAPPING to +1 war axe.
 12302 | D:11     | Noticed a five-headed hydra
 12303 | D:11     | 12303 ||| INVOKING Brothers in Arms.
 12305 | D:11     | 12305 ||| SWAPPING to +1 flail of protection.
 12306 | D:11     | Killed a five-headed hydra
 12307 | D:11     | 12307 ||| SWAPPING to +1 war axe.
 12446 | D:11     | Found a staircase to the Lair.
 12455 | D:11     | 12455 ||| INVOKING Berserk.
 12589 | D:11     | 12589 ||| DROPPING +1 flail of protection.
 12643 | D:11     | 12643 ||| INVOKING Berserk.
 12768 | D:11     | 12768 ||| INVOKING Berserk.
 12892 | D:11     | Noticed a boulder beetle
 12896 | D:11     | 12896 ||| INVOKING Berserk.
 12909 | D:11     | Killed a boulder beetle
 13030 | D:11     | 13030 ||| INVOKING Berserk.
 13033 | D:11     | Reached skill level 15 in Axes
 13269 | D:11     | 13269 ||| PLANNING LAIR
 13269 | D:11     | 13269 ||| UPGRADING to +0 pair of gloves.
 13274 | D:11     | 13274 ||| READING 6 scrolls of identify.
 13274 | D:11     | 13274 ||| IDENTIFYING sapphire potion
 13320 | Lair:1   | Entered Level 1 of the Lair of Beasts
 13325 | Lair:1   | 13325 ||| INVOKING Berserk.
 13334 | Lair:1   | 13334 ||| Stepping ~*~*~tactically~*~*~ (stealth).
 13459 | Lair:1   | 13459 ||| Stepping ~*~*~tactically~*~*~ (stealth).
 13480 | Lair:1   | Reached skill level 9 in Fighting
 13529 | Lair:1   | 13529 ||| Stepping ~*~*~tactically~*~*~ (stealth).
 13531 | Lair:1   | 13531 ||| Stepping ~*~*~tactically~*~*~ (stealth).
 13533 | Lair:1   | 13533 ||| Stepping ~*~*~tactically~*~*~ (stealth).
 13536 | Lair:1   | 13536 ||| Stepping ~*~*~tactically~*~*~ (stealth).
 13544 | Lair:1   | Reached skill level 3 in Dodging
 13553 | Lair:1   | 13553 ||| Stepping ~*~*~tactically~*~*~ (stealth).
 13556 | Lair:1   | 13556 ||| Stepping ~*~*~tactically~*~*~ (stealth).
 13690 | Lair:1   | 13690 ||| Stepping ~*~*~tactically~*~*~ (stealth).
 13699 | Lair:1   | 13699 ||| Stepping ~*~*~tactically~*~*~ (stealth).
 13700 | Lair:1   | Identified the +8 whip "Bissudgh" {elec, Int+6}
 13776 | Lair:1   | 13776 ||| INVOKING Berserk.
 13998 | Lair:1   | 13998 ||| INVOKING Berserk.
 14001 | Lair:1   | Reached XP level 12. HP: 104/104 MP: 11/11
 14319 | Lair:1   | 14319 ||| Stepping ~*~*~tactically~*~*~ (stealth).
 14321 | Lair:1   | 14321 ||| Stepping ~*~*~tactically~*~*~ (stealth).
 14323 | Lair:1   | 14323 ||| Stepping ~*~*~tactically~*~*~ (stealth).
 14324 | Lair:1   | 14324 ||| Stepping ~*~*~tactically~*~*~ (stealth).
 14325 | Lair:1   | 14325 ||| INVOKING Berserk.
 14467 | Lair:1   | 14467 ||| INVOKING Berserk.
 14591 | Lair:1   | 14591 ||| Stepping ~*~*~tactically~*~*~ (stealth).
 15038 | Lair:1   | 15038 ||| UPGRADING to amulet of reflection.
 15043 | Lair:1   | 15043 ||| UPGRADING to ring of see invisible.
 15071 | Lair:2   | 15071 ||| STAIRDANCE
 15081 | Lair:2   | 15081 ||| STAIRDANCE
 15083 | Lair:1   | 15083 ||| INVOKING Berserk.
 15263 | Lair:2   | 15263 ||| STAIRDANCE
 15314 | Lair:2   | 15314 ||| STAIRDANCE
 15318 | Lair:2   | 15318 ||| STAIRDANCE
 15320 | Lair:1   | 15320 ||| INVOKING Berserk.
 15368 | Lair:2   | 15368 ||| STAIRDANCE
 15370 | Lair:1   | 15370 ||| INVOKING Berserk.
 15383 | Lair:1   | 15383 ||| INVOKING Brothers in Arms.
 15438 | Lair:2   | 15438 ||| STAIRDANCE
 15452 | Lair:2   | 15452 ||| STAIRDANCE
 15454 | Lair:1   | 15454 ||| INVOKING Berserk.
 15592 | Lair:2   | 15592 ||| FLEEEEING.
 15593 | Lair:2   | 15593 ||| STAIRDANCE
 15652 | Lair:2   | 15652 ||| Stepping ~*~*~tactically~*~*~ (hiding).
 15760 | Lair:2   | Found a staircase to the Snake Pit.
 15771 | Lair:2   | 15771 ||| Stepping ~*~*~tactically~*~*~ (stealth).
 15779 | Lair:2   | 15779 ||| INVOKING Berserk.
 16108 | Lair:2   | Reached skill level 9 in Armour
 16114 | Lair:2   | 16114 ||| DRINKING 5 potions of cancellation.
 16118 | Lair:2   | 16118 ||| DRINKING 4 potions of cancellation.
 16207 | Lair:2   | 16207 ||| Stepping ~*~*~tactically~*~*~ (stealth).
 16208 | Lair:2   | 16208 ||| INVOKING Berserk.
 16221 | Lair:2   | Reached skill level 3 in Throwing
 16266 | Lair:2   | 16266 ||| Stepping ~*~*~tactically~*~*~ (stealth).
 16282 | Lair:2   | Reached skill level 15 in Shields
 16284 | Lair:2   | 16284 ||| INVOKING Berserk.
 16316 | Lair:2   | 16316 ||| Stepping ~*~*~tactically~*~*~ (stealth).
 16483 | Lair:2   | 16483 ||| INVOKING Berserk.
 16643 | Lair:2   | Found a staircase to the Shoals.
 16644 | Lair:2   | 16644 ||| Stepping ~*~*~tactically~*~*~ (hiding).
 17076 | Lair:2   | 17076 ||| INVOKING Berserk.
 17080 | Lair:2   | Reached XP level 13. HP: 113/113 MP: 12/12
 17521 | Lair:3   | 17521 ||| Stepping ~*~*~tactically~*~*~ (stealth).
 17556 | Lair:3   | 17556 ||| Stepping ~*~*~tactically~*~*~ (stealth).
 17670 | Lair:3   | 17670 ||| Stepping ~*~*~tactically~*~*~ (stealth).
 17672 | Lair:3   | 17672 ||| Stepping ~*~*~tactically~*~*~ (stealth).
 17698 | Lair:3   | 17698 ||| INVOKING Berserk.
 17738 | Lair:3   | HP: 29/116 [poisoned by a queen bee]
 17739 | Lair:3   | 17739 ||| READING 4 scrolls of teleportation.
 17740 | Lair:3   | 17740 ||| DRINKING 2 potions of heal wounds.
 17740 | Lair:3   | Noticed Josephine
 17741 | Lair:3   | You fall into a shaft and drop 2 floors!
 17741 | Lair:5   | Entered Level 5 of the Lair of Beasts
 17769 | Lair:5   | 17769 ||| INVOKING Berserk.
 18065 | Lair:5   | 18065 ||| DROPPING scarf of shadows.
 18112 | Lair:4   | 18112 ||| INVOKING Berserk.
 18125 | Lair:4   | 18125 ||| Stepping ~*~*~tactically~*~*~ (stealth).
 18126 | Lair:4   | 18126 ||| Stepping ~*~*~tactically~*~*~ (stealth).
 18400 | Lair:4   | 18400 ||| Stepping ~*~*~tactically~*~*~ (stealth).
 18443 | Lair:4   | 18443 ||| Stepping ~*~*~tactically~*~*~ (stealth).
 18447 | Lair:4   | 18447 ||| Stepping ~*~*~tactically~*~*~ (stealth).
 18457 | Lair:4   | 18457 ||| INVOKING Brothers in Arms.
 18460 | Lair:4   | 18460 ||| INVOKING Brothers in Arms.
 18461 | Lair:4   | 18461 ||| SWAPPING to +0 morningstar.
 18462 | Lair:4   | 18462 ||| INVOKING Berserk.
 18606 | Lair:4   | 18606 ||| SWAPPING to +1 war axe.
 18681 | Lair:4   | 18681 ||| INVOKING Berserk.
 18855 | Lair:4   | 18855 ||| DROPPING amulet of magic regeneration.
 18864 | Lair:3   | Noticed Kirke
 18865 | Lair:3   | 18865 ||| INVOKING Trog's Hand.
 18870 | Lair:3   | 18870 ||| INVOKING Berserk.
 18878 | Lair:3   | Killed Kirke
 18879 | Lair:3   | Reached skill level 12 in Fighting
 19022 | Lair:3   | 19022 ||| INVOKING Brothers in Arms.
 19023 | Lair:3   | 19023 ||| INVOKING Brothers in Arms.
 19025 | Lair:3   | 19025 ||| SWAPPING to +0 morningstar.
 19026 | Lair:3   | 19026 ||| INVOKING Berserk.
 19051 | Lair:3   | 19051 ||| SWAPPING to +1 war axe.
 19163 | Lair:3   | Noticed Gastronok
 19165 | Lair:3   | 19165 ||| INVOKING Berserk.
 19173 | Lair:3   | Killed Gastronok
 19192 | Lair:3   | HP: 16/103 [Josephine/ghostly fireball (22)]
 19193 | Lair:3   | 19193 ||| READING 4 scrolls of teleportation.
 19193 | Lair:3   | Killed from afar by Josephine

Levels and vault maps discovered:
D:1:      dpeg_arrival_rhombus, layout_loops_ring
D:2:      layout_loops_ring, uniq_terence
D:3:      layout_basic, serial_shops, shop_statue, uniq_ijyb
D:4:      layout_basic, mainiacjoe_overflow_catwalk, biasface_ghost_orc_armoury
D:5:      layout_rooms, ebering_ghost_reflecting_pool, kennysheep_dice
D:6:      wad_guarded_room, layout_basic, slow_altar_2,
          mainiacjoe_overflow_boulevard, minmay_temple_entry_mini_moons,
          uniq_crazy_yiuf_cottage
D:7:      layout_basic, uniq_duvessa, uniq_maggie
D:8:      layout_rooms
D:9:      layout_loops_ring, ebering_ghost_disaster_area
D:10:     layout_long_grid, zombieorc2_lemuel, nzn_life_drinkers
D:11:     layout_cross, erik_lair_orcish_takeover
Lair:1:   layout_chaotic_city, minmay_lair_oklob_bushes,
          chequers_serial_rivers_marsh, beast_lair_carwin_3, lemuel_fruit_fields
Lair:2:   layout_chaotic_city, elwin_shoals_entry_stream,
          minmay_snake_entry_guardpost_small,
          eino_small_chamber_without_monster, minivault_24, grunt_megastairs_1,
          lemuel_fruit_fields
Lair:3:   layout_concentric_octagons, special_room [special_room_bee],
          uniq_josephine, uniq_gastronok, uniq_kirke
Lair:4:   layout_layer_cave, minmay_slime_entry_oklob_enclosed,
          lemuel_fruit_fields
Lair:5:   minmay_lair_end_enchanted_forest, layout_loops_ring,
          nzn_ghost_randoct, serial_rivers, chequers_serial_rivers_micro_c,
          chequers_serial_rivers_micro_b, chequers_serial_rivers_small_3,
          chequers_serial_rivers_large_b

Skill      XL: |  1  2  3  4  5  6  7  8  9 10 11 12 13 |
---------------+----------------------------------------+-----
Axes           | 4 5 6 7 9 11 13 15 16 | 16.0
Shields        | 3 5 7 9 10 11 13 14 15 16 | 16.7
Fighting       | 5 6 7 9 10 12 | 12.1
Armour         | 3 5 6 7 9 10 | 10.1
Throwing       | 1 4 5 |  5.0
Dodging        | 3 4 |  4.0

Action                   |  1- 3 |  4- 6 |  7- 9 | 10-12 | 13-15 || total
-------------------------+-------+-------+-------+-------+-------++-------
Melee: Hand axe          |    89 |    41 |       |       |       ||   130
       Headbutt          |    11 |    12 |    40 |   146 |    41 ||   250
       War axe           |       |    22 |   231 |   715 |   210 ||  1178
       Flail             |       |       |       |     2 |       ||     2
       Morningstar       |       |       |       |       |    11 ||    11
Throw: Boomerang         |       |    12 |    50 |   116 |    22 ||   200
       Javelin           |       |       |       |    13 |    10 ||    23
Invok: Berserk           |     2 |     5 |     6 |    29 |     8 ||    50
       Brothers in Arms  |       |       |       |     3 |     2 ||     5
       Trog's Hand       |       |       |       |       |     1 ||     1
  Use: Scroll            |     3 |     9 |    12 |     7 |     2 ||    33
       Potion            |       |     2 |     3 |     4 |     1 ||    10
Armor: Animal skin       |    15 |       |       |       |       ||    15
       Ring mail         |     7 |       |       |       |       ||     7
       Scale mail        |       |    26 |    11 |       |       ||    37
       Chain mail        |       |       |    78 |       |       ||    78
       Plate armour      |       |       |    49 |   320 |    88 ||   457
Dodge: Dodged            |    49 |    17 |    55 |    94 |    38 ||   253
Block: Tower shield      |       |    40 |   183 |   653 |   270 ||  1146
       Reflection        |       |       |       |     3 |       ||     3

Table legend:
 A = Non-vault XP
 B = Vault XP
 C = Vault XP percentage of total XP
 D = Non-vault monster count
 E = Vault monster count
 F = Vault count percentage of total count
                 A         B        C        D         E       F
            +---------+---------+-------+---------+---------+-------
      Total |   43673 |   11632 |  21.0 |     333 |     109 |  24.7
            +---------+---------+-------+---------+---------+-------
        D:1 |      48 |       0 |   0.0 |      32 |       0 |   0.0
        D:2 |      17 |      36 |  67.9 |      11 |       1 |   8.3
        D:3 |      60 |      33 |  35.5 |       9 |       1 |  10.0
        D:4 |     267 |       0 |   0.0 |      17 |       0 |   0.0
        D:5 |    1182 |      79 |   6.3 |      17 |       2 |  10.5
        D:6 |    1023 |    1058 |  50.8 |      21 |      16 |  43.2
        D:7 |    1277 |     578 |  31.2 |      24 |       3 |  11.1
        D:8 |    1034 |       0 |   0.0 |      22 |       0 |   0.0
        D:9 |    2657 |       0 |   0.0 |      24 |       0 |   0.0
       D:10 |    2308 |    1070 |  31.7 |      17 |      37 |  68.5
       D:11 |    5343 |     623 |  10.4 |      21 |       9 |  30.0
     Lair:1 |   10068 |    1032 |   9.3 |      54 |       5 |   8.5
     Lair:2 |    6139 |    2203 |  26.4 |      22 |       8 |  26.7
     Lair:3 |    5257 |    4920 |  48.3 |      20 |      27 |  57.4
     Lair:4 |    5285 |       0 |   0.0 |      15 |       0 |   0.0
     Lair:5 |    1708 |       0 |   0.0 |       7 |       0 |   0.0
            +---------+---------+-------+---------+---------+-------
